AoeStats
← 啊超

Nomad

508005730Analyzed
4v4 RM · 11d ago on Sep 20, 2026· 52m 50s· 8 players
Game mode
Random Map
Map size
231×231
Population
200
Speed
Normal
Resources
Standard
Victory
Conquest
Starting age
Dark Age
Ending age
Imperial Age
RankedLock teamsTeams togetherTeam positionsShared explorationLock speedFull tech treeHidden civsTurbo modeCheats
Victory
Defeat
🇮🇳 Koreans · India
1354
+9
🇮🇳 Berbers · India
1198
+14
🇮🇳 Persians · India
1196
+15
🇮🇳 Portuguese · India
1110
+17
🇨🇳 Berbers · China
1182
-14
🇨🇭 Teutons · Switzerland
1177
-14
🇦🇷 Ethiopians · Argentina
1159
-14
🇫🇷 Bohemians · France
1154
-13
Baron279
6:40 Loom
15:29 Feudal Age
16:04 Double-Bit Axe
18:37 Wheelbarrow
19:32 Fletching
20:04 Scale Mail Armor
22:26 Castle Age
21:47 Scale Barding Armor
21:48 Horse Collar
25:04 Forging
24:56 Heavy Plow
25:08 Bow Saw
25:11 Pikeman
43:42 Gold Mining
啊超
13:09 Feudal Age
12:44 Loom
18:09 Castle Age
21:43 Horse Collar
22:24 Double-Bit Axe
35:16 Imperial Age
33:21 Fletching
33:56 Padded Archer Armor
34:32 Gold Mining
34:36 Stone Mining
35:06 Bloodlines
34:57 Husbandry
34:55 Bodkin Arrow
35:19 Kasbah
36:39 Ballistics
37:19 Chemistry
36:35 Heavy Camel Rider
38:51 Chemistry
40:04 Forging
40:01 Scale Barding Armor
40:57 Elite Camel Archer
42:03 Bracer
45:25 Iron Casting
45:11 Chain Barding Armor
46:54 Elite Genitour
locodecano
4:40 Loom
14:14 Feudal Age
14:59 Double-Bit Axe
18:36 Castle Age
18:51 Crossbowman
20:00 Medium Warships
24:39 Fletching
26:54 Horse Collar
29:44 Bodkin Arrow
30:49 Gold Mining
31:59 Thumb Ring
33:48 Ballistics
34:14 Wheelbarrow
47:09 Imperial Age
ravi0licru
5:50 Loom
14:18 Feudal Age
19:13 Castle Age
17:39 Double-Bit Axe
20:41 Fletching
22:08 Bow Saw
21:57 Town Watch
23:02 Wheelbarrow
23:05 Horse Collar
24:20 Ballistics
26:57 Fervor
31:57 Hand Cart
32:54 Bodkin Arrow
33:48 Murder Holes
34:54 Chemistry
34:49 Wagenburg Tactics
38:37 Imperial Age
38:29 Heavy Plow
39:46 Conscription
41:41 Bracer
43:30 Masonry
44:07 Elite Hussite Wagon
46:08 Architecture
47:06 Houfnice
49:45 Bombard Tower
49:08 Treadmill Crane
Kratos
3:23 Loom
14:22 Feudal Age
15:55 Double-Bit Axe
18:02 Scale Barding Armor
18:08 Forging
22:00 Castle Age
20:06 Horse Collar
20:36 Fishing Lines
21:26 Bloodlines
25:28 Iron Casting
25:18 Husbandry
31:32 Wheelbarrow
36:17 Chain Barding Armor
36:19 Bow Saw
40:57 Gold Mining
41:56 Hand Cart
41:33 Town Watch
44:53 Pikeman
45:34 Squires
45:36 Scale Mail Armor
47:23 Gillnets
52:08 Imperial Age
TheNagraj
4:27 Loom
15:38 Feudal Age
21:08 Castle Age
19:30 Horse Collar
24:59 Medium Warships
29:49 Fletching
31:05 Wheelbarrow
30:30 Bodkin Arrow
32:31 Bloodlines
32:52 Double-Bit Axe
33:10 Heavy Plow
33:50 Husbandry
34:35 Town Watch
35:30 Scale Barding Armor
36:47 Chain Barding Armor
38:16 Wheelbarrow
38:29 Kasbah
39:45 Hand Cart
40:40 Ballistics
40:01 Treadmill Crane
40:32 Masonry
41:11 Padded Archer Armor
44:41 Imperial Age
44:47 Leather Archer Armor
45:26 Bracer
45:48 Conscription
47:00 Chemistry
46:06 Siege Engineers
48:03 Plate Barding Armor
47:58 Ring Archer Armor
48:45 Maghrebi Camels
50:27 Hoardings
50:52 Coinage
50:32 Guilds
51:18 Forging
51:59 Crop Rotation
51:45 Cavalier
52:17 Elite Camel Archer
Silincer
6:05 Loom
16:20 Feudal Age
17:46 Double-Bit Axe
23:15 Castle Age
21:38 Fletching
22:19 Padded Archer Armor
23:40 Crossbowman
24:27 Bodkin Arrow
26:36 Ballistics
28:12 Thumb Ring
29:03 Bow Saw
34:55 Leather Archer Armor
36:40 Circumnavigation
36:58 Horse Collar
37:41 Heavy Plow
41:33 Imperial Age
45:04 Wheelbarrow
44:15 Town Watch
45:32 Chemistry
44:14 Treadmill Crane
44:30 Murder Holes
44:45 Clinker Construction
45:01 Arbalester
47:28 Conscription
47:16 Bracer
47:28 Siege Engineers
47:40 Onager
50:40 Two-Man Saw
50:45 Elite Genitour
53:04 Ring Archer Armor
52:45 Forging
52:41 Scale Barding Armor
52:01 Man-at-Arms
52:27 Gambesons
53:14 Fortified Wall
53:14 Masonry
Nope1585
8:11 Loom
14:20 Feudal Age
14:58 Double-Bit Axe
15:23 Fishing Lines
16:08 Forging
15:49 Fletching
23:14 Castle Age
24:14 Bow Saw
24:18 Bodkin Arrow
24:36 Medium Warships
24:17 Gillnets
25:43 Squires
25:46 Scale Mail Armor
28:59 Wheelbarrow
28:49 Gold Mining
28:55 Arson
31:03 Ballistics
30:46 Horse Collar
32:31 Heavy Plow
34:30 Iron Casting
37:31 Imperial Age
38:37 Imperial Age
41:45 Two-Man Saw
41:07 Masonry
40:44 Arrowslits
43:42 Hand Cart
44:17 Eupseong
45:35 Gold Shaft Mining
46:31 Bracer
47:34 Chemistry
46:43 Town Watch
47:18 Chain Mail Armor
47:44 Elite War Wagon
50:40 Iron Casting
50:24 Heavy Rocket Cart
51:42 Conscription
53:12 Architecture
52:47 Siege Engineers
53:18 Shinkichon
Connection lost

Rejoining the realm…

Still unreachable

The connection could not be restored.

Session expired

The server has moved on; the page needs a fresh start.